 Dungeon Crawl Stone Soup version 0.29.1-12-g30fa7ad0bf (webtiles) character file.

Game seed: 4432012384778784065

271 retardedninja the Chopper (level 6, 0/52 HPs)
             Began as a Hill Orc Fighter on Dec 12, 2022.
             Slain by Sigmund
             ... wielding a +0 scythe
              (3 damage)
             ... on level 4 of the Dungeon.
             The game lasted 00:05:43 (4189 turns).

retardedninja the Chopper (Hill Orc Fighter)        Turns: 4189, Time: 00:05:43

Health: 0/52       AC: 11    Str: 21    XL:     6   Next: 23%
Magic:  6/6        EV:  7    Int:  8    God:
Gold:   269        SH:  0    Dex: 10    Spells: 5/5 levels left

rFire   . . .      SeeInvis .   a - +0 war axe
rCold   . . .      Faith    .   c - +0 buckler
rNeg    . . .      Spirit   .   s - +0 chain mail
rPois   .          Reflect  .   r - +0 helmet
rElec   .          Harm     .   (no cloak)
rCorr   .          Rampage  .   (no gloves)
Will    .....                   (no boots)
Stlth   ..........              (no amulet)
HPRegen 0.17/turn               (no ring)
MPRegen 0.10/turn               (no ring)

@: confused, mighty
A: no striking features
a: no special abilities


You were on level 4 of the Dungeon.
You visited 1 branch of the dungeon, and saw 4 of its levels.

You collected 269 gold pieces.

Inventory:

Hand Weapons
 a - a +0 war axe (weapon)
Armour
 c - a +0 buckler (worn)
 r - a +0 helmet (worn)
 s - a +0 chain mail (worn)
Jewellery
 h - a ring of protection from cold
 j - a ring of willpower
Scrolls
 e - a scroll of amnesia {unknown}
 g - 2 scrolls of magic mapping {unknown}
 k - 4 scrolls of identify {unknown}
 m - a scroll of blinking {unknown}
 n - a scroll of teleportation {unknown}
 q - a scroll of enchant weapon {unknown}
Potions
 d - a potion of might
 f - a potion of brilliance {unknown}
 i - a potion of attraction {unknown}
 l - a potion of curing {unknown}
 o - a potion of mutation {unknown}
 p - a potion of flight {unknown}


   Skills:
 + Level 4.2 Fighting
 + Level 5.8 Axes
 + Level 5.2 Armour
 + Level 0.6 Dodging
 + Level 3.7 Shields


You had 5 spell levels left.
You didn't know any spells.
Your spell library contained the following spells:

 Spells                   Type           Power      Damage    Failure   Level
 Apportation              Tloc           0%         N/A       99%         1
 Necrotise                Necr           0%         1d4       99%         1
 Summon Small Mammal      Summ           0%         N/A       99%         1
 Static Discharge         Conj/Air       0%         3-3/arc   100%        2
 Inner Flame              Hex/Fire       0%         N/A       100%        3
 Cause Fear               Hex            0%         N/A       100%        4
 Dispel Undead            Necr           0%         3d6       100%        4
 Sticky Flame             Conj/Fire      0%         2d3       100%        4
 Lightning Bolt           Conj/Air       0%         1d11      100%        5
 Discord                  Hex            0%         N/A       100%        8
 Maxwell's Capacitive Co  Air            0%         ∞         100%        8


Dungeon Overview and Level Annotations

Branches:
Dungeon (4/15)
 Temple: D:4-7

Altars:
Ru
The Shining One

Annotations:
D:4 Sigmund


Message History

You barely miss the hobgoblin. You completely miss something.
Something hits you. The hobgoblin barely misses you.
You slash the hobgoblin!
You kill the hobgoblin!
You miss something. Something hits you but does no damage.
You hear some strange, mumbled words.
A magic dart appears from out of thin air!
The magic dart hits you. Something hits you.
You hear some strange, mumbled words.
A puff of flame appears from out of thin air!
The puff of flame hits you!
You bump into the rock wall.
You feel less confused.
You hear some strange, mumbled words.
Something tries to affect you, but you resist.
Something hits you but does no damage.
You hear some strange, mumbled words.
A magic dart appears from out of thin air!
The magic dart hits you!
You completely miss something. Something hits you.
You closely miss something. Something hits you.
You barely miss something. You block something's attack.
You hear some strange, mumbled words.
A magic dart appears from out of thin air!
The magic dart hits you but does no damage.
You miss something. Something hits you!
* * * LOW HITPOINT WARNING * * *
You barely miss something. Something hits you but does no damage.
You closely miss something. Something completely misses you.
You miss something. Something hits you.
* * * LOW HITPOINT WARNING * * *
Something hits you but does no damage.
You barely miss something.
You hear some strange, mumbled words.
You are confused.
Something hits you.
* * * LOW HITPOINT WARNING * * *
You closely miss something. Something hits you.
You die...

####.### #.#
##.##
####...######.#<#
#.#
#.............#.#
#..
#.########.####.#
##.. #.# #...##.#
## #.# ###..#.#
### ##...# ##..#
##@#### #.{..#
#.##...# #.. ..#
.... ... #.... ##
#..... #.....#
#.....# ..


There were no monsters in sight!

Vanquished Creatures
  2 jellies (D:3)
  A hound (D:4)
  Natasha (thrice) (D:3)
  Robin (D:2)
  4 adders
  4 endoplasms
  A giant cockroach (D:2)
  11 goblins
  6 hobgoblins
  4 quokkas
  4 ball pythons
  4 bats
  4 frilled lizards
  10 kobolds
  3 rats
62 creatures vanquished.

Notes
Turn   | Place    | Note
-------+----------+-------------------------------------------
     0 | D:1      | retardedninja the Hill Orc Fighter began the quest for the
                  | Orb.
     0 | D:1      | Reached XP level 1. HP: 19/19 MP: 1/1
   363 | D:1      | Reached XP level 2. HP: 23/27 MP: 2/2
   655 | D:1      | Found a faded altar of an unknown god.
   882 | D:2      | Reached XP level 3. HP: 33/33 MP: 3/3
   990 | D:2      | Noticed Robin
  1025 | D:2      | Killed Robin
  1039 | D:2      | Reached XP level 4. HP: 22/40 MP: 4/4
  2374 | D:3      | Noticed Natasha
  2385 | D:3      | Killed Natasha
  2386 | D:3      | Reached skill level 5 in Axes
  2386 | D:3      | Reached XP level 5. HP: 19/46 MP: 5/5
  2652 | D:3      | Noticed Natasha
  2656 | D:3      | Killed Natasha
  2666 | D:3      | Noticed Natasha
  2671 | D:3      | Killed Natasha
  2862 | D:3      | Reached XP level 6. HP: 8/52 MP: 6/6
  3938 | D:4      | Found a sacrificial altar of Ru.
  3998 | D:4      | Reached skill level 5 in Armour
  4063 | D:4      | Found a glowing golden altar of the Shining One.
  4166 | D:4      | Noticed Sigmund
  4189 | D:4      | Slain by Sigmund

Illustrated notes

Levels and vault maps discovered:
D:1:      dpeg_arrival_stonehenge_12_columns, layout_basic,
          basic_ecumenical_altar, bh_walls_and_bars
D:2:      layout_loops_ring, grunt_decor_junction, uniq_robin
D:3:      layout_rooms, kennysheep_generic_room_12, uniq_natasha
D:4:      layout_basic, mainiacjoe_overflow_paths, tso_metal_star,
          gammafunk_ghost_nasty_kobolds, minmay_misc_feat_more_columns,
          uniq_ijyb, uniq_crazy_yiuf_cottage, uniq_sigmund

Skill      XL: |  1  2  3  4  5  6 |
---------------+-------------------+-----
Axes           | 3 4 5 |  5.8
Fighting       | 4 |  4.2
Armour         | 4 5 |  5.2
Dodging        | |  0.6
Shields        | |  3.7

Action                   |  1- 3 |  4- 6 || total
-------------------------+-------+-------++-------
Melee: War axe           |    85 |   105 ||   190
  Use: Potion            |       |     2 ||     2
Armor: Scale mail        |    45 |    34 ||    79
       Chain mail        |       |    11 ||    11
Dodge: Dodged            |    56 |    38 ||    94
Block: Buckler           |    19 |    26 ||    45
